 Dungeon Crawl Stone Soup version 0.32-a0-630-g46d191b0ed (webtiles) character file.

Game seed: 5532991929209039578

57530 GreenGuy14 the Severer (level 14, -10/114 HPs)
             Began as a Coglin Gladiator on Mar 6, 2024.
             Was a High Priest of Wu Jian.
             Shot with a bolt by an orc warlord (16 damage)
             ... on level 1 of the Orcish Mines.
             The game lasted 00:47:19 (13016 turns).

GreenGuy14 the Severer (Coglin Gladiator)          Turns: 13016, Time: 00:47:22

Health: -10/114    AC: 21    Str: 24    XL:     14   Next: 86%
Magic:  14/14      EV: 17    Int:  8    God:    Wu Jian [*****.]
Gold:   1229       SH:  0    Dex: 13    Spells: 13/13 levels left

rFire   + + .        q - +3 war axe (venom) {Ana}
rCold   . . .        y - +4 spear (freeze) {Hua}
rNeg    + . .        m - +0 scale mail
rPois   .            H - +2 helmet {SInv}
rElec   .            s - +0 cloak "Yjujara" {rN+ Regen+ Str+4 Dex-2}
rCorr   .            F - +0 pair of gloves
SInv    +            j - +2 pair of slick slippers {slick, slippery, EV+4}
Will    +++..        (amulet unavailable)
Stlth   ++           (ring unavailable)
HPRegen 1.19/turn    (ring unavailable)
MPRegen 0.14/turn    v - hypertungsten core {RevParry, rF+ Will+}

%: no passive effects
@: revved
A: off-hand wielding, slow wielding, warmup strikes, no jewellery, fire
resistance 1, strong-willed 1, mutation resistance 1
a: Renounce Religion, Wall Jump, Serpent's Lash, Heavenly Storm


You were on level 1 of the Orcish Mines.
You worshipped Wu Jian.
Wu Jian was extremely pleased with you.
You visited 3 branches of the dungeon, and saw 17 of its levels.
You also visited: Sewer and Ossuary.

You collected 1229 gold pieces.

Inventory:

Hand Weapons
 a - a +0 war axe {Ahhotep}
 f - a +0 dagger {Agathoclea}
 i - a +1 spear of electrocution {Prasit}
 q - a +3 war axe of venom (weapon) {Ana}
 y - a +4 spear of freezing (offhand) {Hua}
Missiles
 d - 5 throwing nets
 e - 5 javelins
Armour
 b - a +0 leather armour
 c - a +0 helmet
 j - the +2 pair of slick slippers (worn) {slick, slippery, EV+4}
   (You acquired it on level 3 of the Dungeon)

   Slick:     Its wearer cannot be constricted, engulfed, netted, webbed, or
   stopped by binding sigils.
   Slippery:  Its wearer slips away from damaging melee attacks, pulling the
   attacker onward.
   EV+4:      It affects your evasion (+4).
 m - a +0 scale mail (worn)
 s - the +0 cloak "Yjujara" (worn) {rN+ Regen+ Str+4 Dex-2}
   (You acquired it in a sewer)

   Str+4:     It affects your strength (+4).
   Dex-2:     It affects your dexterity (-2).
   rN+:       It protects you from negative energy.
   Regen+:    It increases your rate of health regeneration.
 C - a +2 helmet of intelligence
 F - a +0 pair of gloves (worn)
 H - a +2 helmet of see invisible (worn)
Gizmo
 v - a hypertungsten core (installed) {RevParry, rF+ Will+}
   (You invented it yourself on level 13 of the Dungeon)

   [hypertungsten core]

   RevParry:  Your AC increases as you Rev (up to +5) and while fully Revved,
   your attacks may disarm enemies.
   rF+:       It protects you from fire.
   Will+:     It increases your willpower.
Wands
 w - a wand of charming (22)
 G - a wand of flame (33)
 I - a wand of polymorph (5)
Scrolls
 n - 2 scrolls of poison
 t - 3 scrolls of amnesia
 u - 6 scrolls of teleportation
 A - 2 scrolls of torment
 E - a scroll of identify
Potions
 g - a potion of curing
 h - a potion of ambrosia
 k - 3 potions of degeneration
 l - 6 potions of brilliance
 o - a potion of haste
 p - a potion of mutation
 r - a potion of might
 z - 2 potions of enlightenment
 B - a potion of resistance
Miscellaneous
 x - a lightning rod (2/4)


   Skills:
 + Level 11.7 Fighting
 + Level 15.1(16.5) Axes
 + Level 10.2(13.4) Polearms
 + Level 2.0 Throwing
 + Level 9.0 Armour
 + Level 7.3 Dodging
 + Level 5.8 Stealth
 + Level 1.9 Evocations


You had 13 spell levels left.
You didn't know any spells.
Your spell library contained the following spells:

 Spells                   Type           Power      Damage    Failure   Level
 Freeze                   Ice            0%         1d3       67%         1
 Sting                    Conj/Alch      0%         1d3       67%         1
 Cigotuvi's Dreadful Rot  Necr/Alch/Air  0%         N/A       80%         2
 Mercury Vapours          Alch/Air       0%         N/A       80%         2
 Static Discharge         Conj/Air       0%         3-3/arc   80%         2
 Frozen Ramparts          Ice            0%         1d1       95%         3
 Hailstorm                Conj/Ice       0%         3d5       95%         3
 Mephitic Cloud           Conj/Alch/Air  0%         N/A       95%         3
 Ozocubu's Armour         Ice            0%         N/A       95%         3
 Airstrike                Air            0%         2d(0-16)  100%        4
 Dispel Undead            Necr           0%         3d6       100%        4
 Martyr's Knell           Necr/Summ      0%         N/A       100%        4
 Olgreb's Toxic Radiance  Alch           0%         N/A       100%        4
 Summon Lightning Spire   Summ/Air       0%         N/A       100%        4
 Vhi's Electric Charge    Tloc/Air       0%         N/A       100%        4
 Arcjolt                  Conj/Air       0%         1d10      100%        5
 Freezing Cloud           Conj/Ice/Air   0%         6-21      100%        5
 Metabolic Englaciation   Hex/Ice        0%         N/A       100%        5
 Death Channel            Necr           0%         N/A       100%        6
 Sculpt Simulacrum        Ice/Alch       0%         N/A       100%        6
 Ozocubu's Refrigeration  Ice            0%         4d7       100%        7
 Discord                  Hex            0%         N/A       100%        8
 Maxwell's Capacitive Co  Air            0%         ∞         100%        8


Dungeon Overview and Level Annotations

Branches:
Dungeon (15/15)            Temple (1/1) D:7            Lair (0/5) D:9
    Orc (1/2) D:9          Vaults (0/5) D:13          Sewer (visited)
Ossuary (visited)
 Depths: D:15

Altars:
Ashenzari
Cheibriados
Dithmenos
Elyvilon
Fedhas
Gozag
Hepliaklqana
Kikubaaqudgha
Makhleb
Nemelex Xobeh
Okawaru
Qazlal
Ru
Sif Muna
Trog
Uskayaw
Vehumet
Wu Jian
Xom
Yredelemnul
Zin
The Shining One

Shops:
D:7 :   D:14 :   Orc:1 :

Annotations:
D:5 2 transporters, partyrob117's ghost, amateur MiBe


Innate Abilities, Weirdness & Mutations

You can wield a second weapon in your off-hand.
It takes a long time for you to wield or remove held weapons.
Your first few attacks do less damage.
You cannot equip rings or amulets.
Your flesh is heat resistant. (rF+)
You are strong-willed. (Will+)
You are somewhat resistant to further mutation.


Message History

You hit the orc warrior with your +3 war axe of venom.
You kill the orc warrior!
The Council accepts your kill.
You slash the orc warlord with your +3 war axe of venom!
The orc warlord looks as sick as possible!
You slash the ogre with your +3 war axe of venom!
The ogre looks as sick as possible!
The ogre is severely wounded.
You barely miss the orc warlord with your +3 war axe of venom.
You hit the ogre with your +4 spear of freezing.
You freeze the ogre.
The orc warlord hits you with a +1 heavy bardiche!
You slip backwards!
You hit the ogre with your +4 spear of freezing.
You freeze the ogre.
The ogre is almost dead.
You slice the ogre with your +3 war axe of venom!!
You kill the ogre!
The Council accepts your kill.
You hit the orc warlord with your +3 war axe of venom.
The orc warlord looks as sick as possible!
You spin and attack the orc warlord repeatedly.
You hit the orc warlord with your +3 war axe of venom.
The orc warlord looks as sick as possible!
The orc warlord is lightly wounded.
You hit the orc warlord but do no damage.
You slash the orc warlord with your +3 war axe of venom!
The orc warlord looks as sick as possible!
The orc warlord is moderately wounded.
You hit the orc warlord but do no damage.
The orc warlord hits you with a +1 heavy bardiche!!!
* * * LOW HITPOINT WARNING * * *
You slip backwards!
Blink to where?
Press: ? - help, Q - select action, (/) - cycle Dir - move target
As you read the scroll of blinking, it crumbles to dust.
The orc warlord unwields a +1 heavy bardiche.
The orc warlord wields a +0 arbalest.
The orc warlord shoots a bolt.
The bolt hits you!
You die...

###.....## #...#.###
#........#######...#..## ##
####.........##...........##.##
##.#..........##...............#
#.......##....................#
#........#................))..##
#......#####.........#.........#
###.....##........>.##........##
##...........@....###.<....##
#...........#............##
##..........#...........##
##.........###........##
##.......# ##...#..## #
##.......### #....###
#.#.)).......##......
##..)†oo§............
#...$$o#.......#


You could see an orc warlord (extremely poisoned) and an orc wizard (strong,
invisible).

Vanquished Creatures
  Frances (D:13)
  The ghost of Ithuta Obua the Bludgeoner, a journeyman MiBe of Trog (D:13)
  Josephine (D:12)
  8 vault guards (D:13)
  Erica (D:9)
  3 boulder beetles
  A death knight (D:14)
  A centaur warrior (D:13)
  5 two-headed ogres
  Urug (D:12)
  A deep elf knight (D:13)
  Nergalle (D:12)
  A skeletal warrior (D:14)
  A flayed ghost (D:13)
  A deep elf pyromancer (D:13)
  3 phantasmal warriors (D:14)
  Pikel (D:7)
  12 ugly things
  5 manticores
  2 unseen horrors
  A cane toad (shapeshifter) (D:14)
  3 gargoyles
  Maggie (D:7)
  A freezing wraith (D:14)
  2 komodo dragons (D:12)
  A kobold demonologist (D:10)
  A troll (Orc:1)
  3 hornets
  A queen bee (shapeshifter) (D:12)
  26 slime creatures
  Prince Ribbit (D:6)
  2 wyverns
  A water elemental (D:11)
  Eustachio (D:6)
  6 wraiths
  A vampire (D:11)
  15 yaks
  A warg (D:9)
  A yak (shapeshifter) (D:13)
  A vampire mosquito (D:13)
  Grum (D:9)
  A steam dragon (D:4)
  2 water moccasins (D:7)
  2 black bears
  8 orc warriors
  Pargi (Sewer)
  An ice beast (D:3)
  3 sky beasts
  2 ogres
  2 laughing skulls (D:14)
  6 wolves (D:9)
  8 centaurs
  2 lemures (D:7)
  2 phantoms
  2 kobold brigands
  2 gnoll sergeants
  2 scorpions
  A burial acolyte (D:8)
  9 wights
  10 killer bees
  7 electric eels
  4 howler monkeys
  5 bullfrog zombies (Ossuary)
  A hound (D:6)
  A bombardier beetle (D:5)
  2 jellies
  11 orc priests
  A gnoll bouda (D:6)
  6 mummies (Ossuary)
  2 sleepcaps
  3 iguanas
  14 orc wizards
  4 crocodile zombies (Ossuary)
  2 hound zombies (Ossuary)
  4 howler monkey zombies (Ossuary)
  22 gnolls
  6 adders
  A river rat (D:5)
  A white imp (D:5)
  2 ufetubi (D:5)
  2 adder zombies (D:8)
  2 dart slugs
  3 ribbon worms
  54 orcs
  6 endoplasms
  3 giant cockroaches
  5 goblins
  8 hobgoblins
  4 jackals (D:2)
  11 kobolds
  3 quokkas
  11 ball pythons
  3 ball python zombies (Ossuary)
  2 bats
  4 frilled lizards
  2 jackal zombies
  7 rats
417 creatures vanquished.

Vanquished Creatures (collateral kills)
  3 orcs (D:9)
3 creatures vanquished.

Vanquished Creatures (others)
  An orc wizard (D:9)
  An orc (D:8)
  A ball python (D:4)
3 creatures vanquished.

Grand Total: 423 creatures vanquished

Notes
Turn   | Place    | Note
-------+----------+-------------------------------------------
     0 | D:1      | GreenGuy14 the Coglin Gladiator began the quest for the
                  | Orb.
     0 | D:1      | Reached XP level 1. HP: 16/16 MP: 1/1
    76 | D:1      | Reached XP level 2. HP: 15/22 MP: 2/2
   280 | D:1      | Reached XP level 3. HP: 26/27 MP: 3/3
  1029 | D:2      | Reached XP level 4. HP: 33/33 MP: 4/4
  1148 | D:2      | Found a faded altar of an unknown god.
  1651 | D:3      | Reached skill level 4 in Axes
  1654 | D:3      | Reached skill level 1 in Armour
  1654 | D:3      | Reached skill level 1 in Stealth
  1975 | D:3      | Noticed an ice beast
  1983 | D:3      | Killed an ice beast
  1984 | D:3      | Reached XP level 5. HP: 6/39 MP: 5/5
  2441 | D:3      | Identified a scroll of acquirement
  2441 | D:3      | Acquired the +2 pair of slick slippers {slick, slippery,
                  | EV+4}
  2441 | D:3      | Found the +2 pair of slick slippers {slick, slippery, EV+4}
  2453 | D:4      | Noticed a steam dragon
  2462 | D:4      | Killed a steam dragon
  2463 | D:4      | Reached skill level 5 in Axes
  2463 | D:4      | Reached skill level 1 in Polearms
  2463 | D:4      | Reached XP level 6. HP: 19/47 MP: 6/6
  3272 | D:5      | Entered Level 5 of the Dungeon
  3303 | D:5      | Found a transporter.
  3303 | D:5      | Noticed an acid dragon
  3303 | D:5      | Noticed partyrob117's ghost (amateur MiBe)
  3308 | D:5      | Found a transporter.
  3363 | D:5      | Reached XP level 7. HP: 52/52 MP: 7/7
  3365 | D:5      | Found a glowing drain.
  3405 | Sewer    | Entered a sewer
  3405 | Sewer    | Noticed Pargi
  3415 | Sewer    | Killed Pargi
  3590 | Sewer    | Acquired the +0 cloak "Yjujara" {rN+ Regen+ Str+4 Dex-2}
  3617 | D:5      | Reached skill level 6 in Axes
  3697 | D:5      | Reached XP level 8. HP: 60/60 MP: 8/8
  3890 | D:5      | Found a sand-covered staircase.
  3906 | Ossuary  | Entered an ossuary
  4116 | Ossuary  | Reached skill level 7 in Axes
  4203 | Ossuary  | Gained mutation: Your flesh is heat resistant. (rF+)
                  | [potion of mutation]
  4203 | Ossuary  | Gained mutation: You are strong-willed. (Will+) [potion of
                  | mutation]
  4203 | Ossuary  | Gained mutation: You are somewhat resistant to further
                  | mutation. [potion of mutation]
  4462 | D:5      | Found a shimmering blue altar of Sif Muna.
  4463 | D:5      | Found a bloodstained altar of Trog.
  4667 | D:6      | Noticed Prince Ribbit
  4673 | D:6      | Killed Prince Ribbit
  4674 | D:6      | Reached XP level 9. HP: 67/67 MP: 9/9
  4677 | D:6      | Found a stormy altar of Qazlal.
  4964 | D:6      | Noticed Eustachio
  4983 | D:6      | Killed Eustachio
  4984 | D:6      | Reached skill level 5 in Fighting
  5156 | D:6      | Reached skill level 8 in Axes
  5477 | D:7      | Noticed Maggie
  5481 | D:7      | Killed Maggie
  5557 | D:7      | Noticed a hornet
  5566 | D:7      | Killed a hornet
  5567 | D:7      | Reached skill level 5 in Polearms
  5581 | D:7      | Noticed Pikel
  5602 | D:7      | Killed Pikel
  5603 | D:7      | Reached skill level 9 in Axes
  5603 | D:7      | Reached XP level 10. HP: 75/75 MP: 10/10
  5660 | D:7      | Found a staircase to the Ecumenical Temple.
  5729 | Temple   | Entered the Ecumenical Temple
  5754 | Temple   | Became a worshipper of the Wu Jian Council
  5906 | D:7      | Found a sparkling altar of Nemelex Xobeh.
  6073 | D:7      | Found Waript's Book Boutique.
  6358 | D:8      | Killed an unseen horror
  6359 | D:8      | Reached skill level 10 in Axes
  6415 | D:8      | Found an ancient bone altar of Kikubaaqudgha.
  6504 | D:8      | Reached skill level 5 in Dodging
  6504 | D:8      | Reached XP level 11. HP: 48/82 MP: 11/11
  6505 | D:8      | Reached skill level 11 in Axes
  6505 | D:8      | Reached skill level 5 in Stealth
  6505 | D:8      | Reached XP level 12. HP: 53/90 MP: 12/12
  6693 | D:8      | Found a glowing silver altar of Zin.
  6773 | D:8      | Noticed a two-headed ogre
  6782 | D:8      | Killed a two-headed ogre
  7324 | D:9      | Noticed Erica
  7333 | D:9      | Killed Erica
  7333 | D:9      | Reached * piety under Wu Jian
  7339 | D:9      | Found a staircase to the Lair.
  7436 | D:9      | Noticed Grum
  7445 | D:9      | Killed Grum
  7672 | D:9      | Reached skill level 12 in Axes
  7674 | D:9      | Reached ** piety under Wu Jian
  7697 | D:9      | Found a staircase to the Orcish Mines.
  7822 | D:9      | Found a blossoming altar of Fedhas.
  8128 | D:10     | Entered Level 10 of the Dungeon
  8176 | D:10     | Identified the +0 falchion of Valiance {speed, Str+3}
  8225 | D:10     | Noticed a two-headed ogre
  8229 | D:10     | Killed a two-headed ogre
  8230 | D:10     | Reached XP level 13. HP: 76/100 MP: 13/13
  8354 | D:10     | Reached *** piety under Wu Jian
  8907 | D:11     | Found an opulent altar of Gozag.
  9592 | D:11     | Reached skill level 13 in Axes
  9877 | D:12     | Identified the +6 shortbow "Conservator" {heavy, Int+3}
  9902 | D:12     | Noticed Nergalle
  9904 | D:12     | Noticed Josephine
  9915 | D:12     | Killed Nergalle
  9919 | D:12     | Killed Josephine
 10374 | D:12     | Noticed Urug
 10384 | D:12     | Killed Urug
 10450 | D:12     | Reached **** piety under Wu Jian
 10451 | D:12     | Reached skill level 10 in Fighting
 10640 | D:13     | You fall into a shaft and drop 1 floor!
 10910 | D:13     | Noticed Ithuta Obua's ghost (journeyman MiBe)
 10915 | D:13     | Found a transporter.
 10931 | D:13     | Found a transporter.
 10991 | D:13     | Noticed Frances
 10998 | D:13     | Reached skill level 14 in Axes
 10998 | D:13     | Reached XP level 14. HP: 111/111 MP: 14/14
 11019 | D:13     | Acquired a hypertungsten core {RevParry, rF+ Will+}
 11042 | D:13     | Found a gate to the Vaults.
 11217 | D:13     | Killed Frances
 11565 | D:13     | Killed Ithuta Obua's ghost
 11992 | D:14     | Found Laeps's Self-Improvement Boutique.
 12108 | D:14     | Reached skill level 1 in Evocations
 12178 | D:14     | Reached skill level 10 in Polearms
 12241 | D:14     | Reached skill level 15 in Axes
 12519 | D:14     | Reached ***** piety under Wu Jian
 12612 | D:15     | Entered Level 15 of the Dungeon
 12939 | Orc:1    | Entered Level 1 of the Orcish Mines
 12995 | Orc:1    | Found Jusuonk's Book Shop.
 12999 | Orc:1    | Noticed an orc warlord
 13015 | Orc:1    | HP: 5/114 [orc warlord/+1 heavy bardiche (45)]
 13016 | Orc:1    | Shot with a bolt by an orc warlord

Illustrated notes

Levels and vault maps discovered:
D:1:      dpeg_arrival_shelter, layout_loops_ring, st_stairs_2,
          minmay_misc_feat_enclosed, nicolae_grassy_gnolls
D:2:      layout_basic, shapermc_ecumenical_altar_venn
D:3:      layout_basic
D:4:      layout_loops_cross
D:5:      layout_rooms, hellmonk_overflow_destroyed_library,
          gammafunk_ghost_arena, cheibrodos_sewer_entry_sluice, enter_ossuary_3,
          minivault_25
D:6:      layout_gridville, nicolae_qazlal_scattered_showers, uniq_eustachio,
          uniq_prince_ribbit1
D:7:      layout_rooms, lemuel_round_altar, minmay_temple_entry_tees,
          serial_shops, shop, serial_rivers, chequers_serial_rivers_micro_b,
          chequers_serial_rivers_micro_c, chequers_serial_rivers_room_a,
          chequers_serial_rivers_micro_b, uniq_pikel, uniq_maggie
D:8:      layout_loops_corners, lemuel_zombie_altar_kikubaaqudgha,
          kennysheep_mini
D:9:      layout_roguey, fedhas_altar_3, erik_lair_orcish_takeover, erik_orc_2,
          kennysheep_generic_room_3, uniq_grum, uniq_erica
D:10:     layout_basic
D:11:     layout_basic, minivault_22, grunt_gozag_breadcrumbs
D:12:     layout_long_grid, uniq_nergalle, uniq_urug, uniq_josephine
D:13:     layout_long_grid, erik_vaults_2, gammafunk_ghost_arena, uniq_frances
D:14:     layout_loops_ring, serial_library_regret_index_double_sided,
          nicolae_shop_self_help
D:15:     grunt_enter_depths_giant_problem, layout_irregular_city,
          nicolae_lava_and_water, serial_shops, nicolae_shop_behind_doors
Temple:   nicolae_temple_superstar
Orc:1:    emtedronai_trogs_sanctum, layout_diamond_mine, serial_shops, shop,
          nicolae_orc_lost_temple, uniq_snorg

Skill      XL: |  1  2  3  4  5  6  7  8  9 10 11 12 13 14 |
---------------+-------------------------------------------+-----
Dodging        | 3 4 5 6 7 |  7.3
Throwing       | 2 |  2.0
Axes           | 4 5 6 7 9 10 11 12 14 15 | 15.1
Armour         | 1 2 3 4 6 7 8 9 |  9.0
Stealth        | 1 2 4 5 |  5.8
Fighting       | 3 4 5 7 8 10 11 | 11.7
Polearms       | 1 2 4 5 7 8 9 10 | 10.2
Evocations     | 1 |  1.9

Action                     |  1- 3 |  4- 6 |  7- 9 | 10-12 | 13-15 || total
---------------------------+-------+-------+-------+-------+-------++-------
  Melee: War axe           |    67 |    87 |   268 |   226 |   562 ||  1210
         Dagger            |    50 |       |       |       |       ||    50
         Spear             |     7 |   112 |   290 |   255 |   585 ||  1249
  Throw: Throwing net      |       |       |     1 |       |       ||     1
 Invoke: Serpent's Lash    |       |       |       |       |     2 ||     2
Ability: Lunge             |       |       |       |    27 |    46 ||    73
         Whirlwind         |       |       |       |    17 |    33 ||    50
         Wall Jump         |       |       |       |       |    22 ||    22
         Invent Gizmo      |       |       |       |       |     1 ||     1
  Evoke: Wand              |       |       |       |     5 |     3 ||     8
         Lightning rod     |       |       |       |       |     4 ||     4
    Use: Scroll            |     1 |     7 |    11 |     5 |     7 ||    31
         Potion            |       |     3 |     4 |     3 |    13 ||    23
   Stab: Sleeping          |       |     2 |       |       |     4 ||     6
         Distracted        |       |       |       |     1 |     1 ||     2
         Invisible         |       |       |       |       |     2 ||     2
 Armour: Leather armour    |    29 |    31 |       |       |       ||    60
         Scale mail        |       |    39 |   134 |   103 |   268 ||   544
  Dodge: Dodged            |    30 |    68 |   210 |   118 |   238 ||   664

Table legend: (Time is in decaauts)
 A = Elapsed time spent in this place.
 B = Non-inter-level travel time spent in this place.
 C = Inter-level travel time spent in this place.
 D = Time resting spent in this place.
 E = Time spent auto-exploring this place.
 F = Levels seen in this place.
 G = Mean time per level.
                   A        B        C        D        E       F      G
               +--------+--------+--------+--------+--------+-----+--------+
         Total |  12895 |  12253 |    642 |      0 |   8515 |  19 |  678.7 |
       Dungeon |  12162 |  11521 |    641 |      0 |   8299 |  15 |  810.8 |
        Temple |     42 |     42 |      0 |      0 |      0 |   1 |   42.0 |
  Orcish Mines |     70 |     70 |      0 |      0 |     42 |   1 |   70.0 |
         Sewer |    204 |    204 |      0 |      0 |     97 |   1 |  204.0 |
       Ossuary |    414 |    414 |      0 |      0 |     76 |   1 |  414.0 |
               +--------+--------+--------+--------+--------+-----+--------+

Top non-repeatable levels by time:
     D:8: 1093 daAuts
    D:13: 1086 daAuts
    D:11: 943 daAuts
     D:3: 915 daAuts
    D:14: 892 daAuts
     D:9: 868 daAuts
     D:6: 867 daAuts
     D:2: 848 daAuts
    D:12: 838 daAuts
     D:4: 825 daAuts
     D:5: 747 daAuts
    D:10: 745 daAuts
     D:1: 706 daAuts
     D:7: 659 daAuts
 Ossuary: 414 daAuts
